[Event "Open International de Cappelle-la-Grand"]
[Site "Cappelle-la-Grande"]
[Date "2014.03.03"]
[Round "3.2"]
[White "Gupta, Abhijeet"]
[Black "Lagarde, Maxime"]
[Result "1-0"]
[WhiteElo "2630"]
[BlackElo "2514"]
[PlyCount "141"]
[EventDate "2014.??.??"]
[TimeControl "6000+905"]
[WhiteClock "1:18:22"]
[BlackClock "0:49:56"]

1. d4 Nf6 2. c4 g6 3. Nc3 d5 4. Nf3 Bg7 5. cxd5 Nxd5 6. e4 Nxc3 7. bxc3 c5 8.
Be3 Qa5 9. Nd2 cxd4 10. Nc4 dxe3 11. Nxa5 Bxc3+ 12. Ke2 Bxa5 13. Kxe3 Bb6+ 14.
Kf3 Bd7 15. h4 Nc6 16. g3 f5 17. Kg2 fxe4 18. Bb5 Rf8 19. Rf1 O-O-O 20. Qa4 Rf5
21. Rad1 Rdf8 22. Rxd7 Rxf2+ 23. Kh3 Kxd7 24. Bxc6+ bxc6 25. Rd1+ Kc7 26. Qxe4
Bc5 27. Qe5+ Bd6 28. Qa5+ Kd7 29. Qxa7+ Ke8 30. a4 h5 31. a5 R8f3 32. Rxd6 exd6
33. Qc7 Ra3 34. Qb8+ Ke7 35. Qa7+ Ke6 36. Qxf2 Rxa5 37. Qf8 Rf5 38. Qe8+ Kf6
39. Qxc6 Kg7 40. Qxd6 Kh7 41. g4 hxg4+ 42. Kxg4 Kg7 43. Qe7+ Kg8 44. Qd7 Kh8
45. Qc7 Kg8 46. Qe7 Kh8 47. h5 Rxh5 48. Qf6+ Kh7 49. Qf7+ Kh6 50. Qg8 Rg5+ 51.
Kf4 Rf5+ 52. Ke4 Kg5 53. Qh8 Rf7 54. Ke5 Rf5+ 55. Ke6 Rf4 56. Qh3 Rf6+ 57. Ke7
Rf5 58. Qh2 Rf4 59. Qg3+ Kf5 60. Kf7 g5 61. Qd3+ Re4 62. Qf3+ Rf4 63. Qd5+ Kg4+
64. Kg6 Kh3 65. Qh1+ Kg3 66. Qg1+ Kh3 67. Kxg5 Rf2 68. Qg4+ Kh2 69. Kh4 Kh1 70.
Qe4+ Kh2 71. Kg4 1-0

[Event "Open International de Cappelle-la-Grand"]
[Site "Cappelle-la-Grande"]
[Date "2014.03.03"]
[Round "3.3"]
[White "Ganguly, Surya Shekhar"]
[Black "Carmaciu, Lucian-Catalin"]
[Result "1-0"]
[WhiteElo "2623"]
[BlackElo "2423"]
[PlyCount "47"]
[EventDate "2014.??.??"]
[TimeControl "6000+1145"]
[WhiteClock "0:43:10"]
[BlackClock "0:46:30"]

1. e4 c5 2. Nf3 e6 3. d4 cxd4 4. Nxd4 a6 5. Be2 b5 6. a4 b4 7. Nd2 Bb7 8. O-O
Qc7 9. Re1 Nf6 10. e5 Nd5 11. Nc4 Nb6 12. Nd6+ Bxd6 13. exd6 Qxd6 14. Nxe6 Qxd1
15. Nxg7+ Kf8 16. Rxd1 Kxg7 17. Rd6 f6 18. Rxb6 Re8 19. Be3 Be4 20. Rxb4 Bxc2
21. Rc1 Bf5 22. Rf4 Be6 23. Bd4 Rf8 24. Rc3 1-0

[Event "Open International de Cappelle-la-Grand"]
[Site "Cappelle-la-Grande"]
[Date "2014.03.03"]
[Round "3.4"]
[White "Hasangatin, Ramil"]
[Black "Danin, Alexandre"]
[Result "1/2-1/2"]
[WhiteElo "2494"]
[BlackElo "2606"]
[PlyCount "40"]
[EventDate "2014.??.??"]
[TimeControl "6000+1160"]
[WhiteClock "0:54:09"]
[BlackClock "0:52:35"]

1. e4 e6 2. d4 d5 3. Nd2 Nf6 4. e5 Nfd7 5. Bd3 c5 6. c3 Nc6 7. Ne2 cxd4 8. cxd4
f6 9. exf6 Nxf6 10. Nf3 Bd6 11. O-O O-O 12. Bf4 Bxf4 13. Nxf4 Qd6 14. g3 Qb4
15. b3 Bd7 16. Re1 Rae8 17. Rc1 Qb6 18. Qd2 Re7 19. Bb1 g5 20. Rxc6 bxc6
1/2-1/2

[Event "Open International de Cappelle-la-Grand"]
[Site "Cappelle-la-Grande"]
[Date "2014.03.03"]
[Round "3.5"]
[White "Vovk, Andrey"]
[Black "Kukov, Velislav"]
[Result "1-0"]
[WhiteElo "2605"]
[BlackElo "2399"]
[PlyCount "55"]
[EventDate "2014.??.??"]
[TimeControl "6000+1055"]
[WhiteClock "0:24:47"]
[BlackClock "0:04:16"]

1. e4 c6 2. Nc3 d5 3. d4 dxe4 4. Nxe4 Bf5 5. Ng3 Bg6 6. Nh3 e6 7. Nf4 Bd6 8. c3
Nf6 9. h4 Bxf4 10. Bxf4 h6 11. Qb3 Qe7 12. h5 Bh7 13. Be2 O-O 14. O-O Rd8 15.
Rfe1 a5 16. Bf3 Nd5 17. Bd2 a4 18. Qc4 Nd7 19. Qe2 N7f6 20. Nf1 b5 21. b3 Rdc8
22. Rec1 Ra6 23. c4 bxc4 24. bxc4 Nb4 25. c5 Bd3 26. Qd1 Qb7 27. Bxb4 Bxf1 28.
Qxf1 1-0

[Event "Open International de Cappelle-la-Grand"]
[Site "Cappelle-la-Grande"]
[Date "2014.03.03"]
[Round "3.6"]
[White "Godart, Francois"]
[Black "Fier, Alexandr"]
[Result "0-1"]
[WhiteElo "2359"]
[BlackElo "2595"]
[PlyCount "98"]
[EventDate "2014.??.??"]
[TimeControl "6000+905"]
[WhiteClock "0:21:19"]
[BlackClock "1:06:57"]

1. d4 Nf6 2. Bg5 Ne4 3. Bf4 d5 4. e3 c5 5. Bd3 cxd4 6. Bxe4 dxe4 7. exd4 Nc6 8.
Ne2 e5 9. dxe5 Qxd1+ 10. Kxd1 g5 11. Be3 Nxe5 12. Nbc3 f5 13. Nb5 Kd7 14. Bxg5
Rg8 15. Bf4 Ng6 16. Bg3 f4 17. Nxf4 Nxf4 18. Bxf4 Kc6 19. Nd4+ Kd5 20. Be3 Rxg2
21. Kd2 Bd6 22. Rag1 Bh3 23. Rxg2 Bxg2 24. Rg1 Rg8 25. Ne2 Bxh2 26. Nf4+ Bxf4
27. Bxf4 h5 28. Bg3 Bf3 29. Bh2 Bg4 30. Ke3 b5 31. c3 a5 32. b3 Re8 33. Bg3 Kc5
34. Rc1 Bf3 35. Bh4 Rg8 36. a3 Rg4 37. Be7+ Kc6 38. c4 Kd7 39. Bf6 bxc4 40.
Rxc4 h4 41. Rc5 h3 42. Rh5 Rg6 43. Rh7+ Ke6 44. Bd8 Bg2 45. Bxa5 Rf6 46. Bc7
Rf3+ 47. Ke2 Rd3 48. f4 exf3+ 49. Ke1 Re3+ 0-1

[Event "Open International de Cappelle-la-Grand"]
[Site "Cappelle-la-Grande"]
[Date "2014.03.03"]
[Round "3.7"]
[White "Vorobiov, Evgeny E"]
[Black "Martynov, Pavel"]
[Result "0-1"]
[WhiteElo "2590"]
[BlackElo "2352"]
[PlyCount "82"]
[EventDate "2014.??.??"]
[TimeControl "6000+855"]
[WhiteClock "0:30:59"]
[BlackClock "0:33:07"]

1. e4 e6 2. d4 d5 3. Nd2 c5 4. Ngf3 cxd4 5. Nxd4 Nf6 6. exd5 Nxd5 7. N2f3 Bb4+
8. Bd2 O-O 9. c3 Bc5 10. Bd3 e5 11. Nb3 Bd6 12. Qc2 h6 13. Rd1 Nf6 14. Be3 Qe7
15. Nfd2 Nbd7 16. Nc4 Bc7 17. a4 b6 18. Nbd2 Bb7 19. Ne4 Nd5 20. Ng3 N7f6 21.
O-O Ng4 22. Rfe1 g6 23. Bxg6 fxg6 24. Qxg6+ Qg7 25. Qe6+ Kh7 26. f3 Ngxe3 27.
Nxe3 Rae8 28. Qh3 Nf4 29. Qd7 Re7 30. Qd2 Qg6 31. Qc2 Qxc2 32. Nxc2 h5 33. Ne4
Rg7 34. g3 Nh3+ 35. Kg2 Ng5 36. Rd3 Nxe4 37. fxe4 Rf4 38. Rde3 Rgg4 39. Rd1
Rxe4 40. Kf2 Rxe3 41. Nxe3 Rg7 0-1

[Event "Open International de Cappelle-la-Grand"]
[Site "Cappelle-la-Grande"]
[Date "2014.03.03"]
[Round "3.8"]
[White "Justo, Damian"]
[Black "Piorun, Kacper"]
[Result "1/2-1/2"]
[WhiteElo "2315"]
[BlackElo "2570"]
[PlyCount "110"]
[EventDate "2014.??.??"]
[TimeControl "6000+1350"]
[WhiteClock "0:01:06"]
[BlackClock "0:12:30"]

1. d4 g6 2. c4 Bg7 3. Nc3 c5 4. d5 Bxc3+ 5. bxc3 f5 6. g4 fxg4 7. h3 g3 8. fxg3
Nf6 9. Qd3 d6 10. g4 Qa5 11. Bh6 Nbd7 12. Nf3 Nb6 13. a4 Bd7 14. Bg2 Nxa4 15.
Bd2 Qc7 16. Ra2 Nb6 17. O-O a6 18. e4 O-O-O 19. e5 dxe5 20. Nxe5 Rhf8 21. Qe2
Ba4 22. Rb1 Rd6 23. Bh6 Re8 24. Nf7 Kb8 25. Rab2 Ka8 26. Bf4 Nc8 27. Rxb7 Qxb7
28. Rxb7 Kxb7 29. Nxd6+ exd6 30. Qb2+ Nb6 31. Bxd6 Nfd7 32. Qf2 Rc8 33. Qa2 a5
34. Bf3 Re8 35. Qf2 Rc8 36. Qf1 Bb3 37. Bg3 a4 38. Qb1 Ka7 39. d6 Bxc4 40. Qc1
Bb5 41. Qb2 Bc6 42. Bxc6 Rxc6 43. c4 Rc8 44. Qg7 Re8 45. Bf2 Re5 46. Kf1 a3 47.
Be1 Ka6 48. Bc3 Re3 49. h4 a2 50. h5 gxh5 51. gxh5 h6 52. Ba1 Rb3 53. Kg2 Rb1
54. Bc3 Rc1 55. Bb2 Rb1 1/2-1/2

[Event "Open International de Cappelle-la-Grand"]
[Site "Cappelle-la-Grande"]
[Date "2014.03.03"]
[Round "3.9"]
[White "Rubery, Mark"]
[Black "Jovanic, Ognjen"]
[Result "0-1"]
[WhiteElo "2224"]
[BlackElo "2526"]
[PlyCount "92"]
[EventDate "2014.??.??"]
[TimeControl "6000+805"]
[WhiteClock "0:28:02"]
[BlackClock "0:39:12"]

1. e4 c5 2. b3 e6 3. Bb2 Nc6 4. Nf3 a6 5. d4 cxd4 6. Nxd4 Qf6 7. c3 Qg6 8. Qd3
Nf6 9. Nd2 d5 10. Nxc6 bxc6 11. exd5 cxd5 12. Qxg6 hxg6 13. Be2 Bd6 14. c4 Bb7
15. Bf3 g5 16. Bxf6 gxf6 17. cxd5 exd5 18. g3 f5 19. O-O O-O-O 20. Rfd1 g4 21.
Bg2 f4 22. gxf4 Bxf4 23. Nf1 d4 24. Rd3 Be5 25. Re1 f6 26. Bxb7+ Kxb7 27. Re4
Rdg8 28. Kg2 Rh7 29. Ng3 Rh4 30. b4 Rgh8 31. Nf1 Rc8 32. a3 Kb6 33. a4 Rc4 34.
Rb3 Rc2 35. Rd3 Ra2 36. a5+ Kb5 37. Rdxd4 Bxd4 38. Rxd4 Ra4 39. Ne3 Rxb4 40.
Rd5+ Ka4 41. Rd6 Kxa5 42. Rxf6 Rh5 43. Kg3 Kb5 44. Nxg4 a5 45. Ne3 a4 46. Nc2
Rb2 0-1

[Event "Open International de Cappelle-la-Grand"]
[Site "Cappelle-la-Grande"]
[Date "2014.03.03"]
[Round "3.10"]
[White "Maiorov, Nikita"]
[Black "Solomon, Kenny"]
[Result "1-0"]
[WhiteElo "2520"]
[BlackElo "2350"]
[PlyCount "137"]
[EventDate "2014.??.??"]
[TimeControl "6000+1585"]
[WhiteClock "0:02:13"]
[BlackClock "0:01:33"]

1. d4 Nf6 2. c4 e6 3. Nc3 Bb4 4. Qc2 O-O 5. a3 Bxc3+ 6. Qxc3 b6 7. Bg5 Bb7 8.
f3 h6 9. Bh4 d5 10. e3 Re8 11. Nh3 Nbd7 12. cxd5 exd5 13. Be2 Qe7 14. Bf2 c5
15. O-O cxd4 16. Qxd4 Nc5 17. Rad1 Bc6 18. b4 Ne6 19. Qb2 a6 20. Rfe1 Bb5 21.
Bh4 g5 22. Bxb5 axb5 23. Bf2 Rec8 24. Bg3 Ng7 25. Be5 Nge8 26. Nf2 Rc4 27. Bd4
Qe6 28. Nd3 Rac8 29. Re2 Nd7 30. Qd2 Nd6 31. Ba1 Nf5 32. Ne1 Ne7 33. e4 d4 34.
Bxd4 Ne5 35. Ba1 N7g6 36. Qb2 f6 37. Red2 R4c6 38. Rd8+ Kf7 39. Qd2 Rxd8 40.
Qxd8 Rc8 41. Qd4 Nf4 42. Qf2 Qb3 43. Qd2 Rc7 44. Bxe5 fxe5 45. Nd3 Ng6 46. Nf2
Qe6 47. Ng4 Kg7 48. Ne3 Ne7 49. Qd6 Qxd6 50. Rxd6 Rc3 51. Rd7 Kf8 52. Ng4 Rxa3
53. Nxe5 Rb3 54. Rd4 Rb1+ 55. Kf2 Rb2+ 56. Kg3 Kg7 57. Rd6 h5 58. h4 gxh4+ 59.
Kh3 Rxb4 60. Rxb6 Rb2 61. Nd3 Rb1 62. Kxh4 Rh1+ 63. Kg5 h4 64. Nf4 Rb1 65. Rb7
Kf8 66. Kf6 Ng8+ 67. Ke6 Rd1 68. Ng6+ Ke8 69. Rxb5 1-0

[Event "Open International de Cappelle-la-Grand"]
[Site "Cappelle-la-Grande"]
[Date "2014.03.03"]
[Round "3.11"]
[White "Iturrizaga, Eduardo"]
[Black "Monroy, Charles"]
[Result "1-0"]
[WhiteElo "2645"]
[BlackElo "2431"]
[PlyCount "89"]
[EventDate "2014.??.??"]
[TimeControl "6000+1330"]
[WhiteClock "0:35:02"]
[BlackClock "0:30:08"]

1. Nf3 Nf6 2. c4 g6 3. Nc3 Bg7 4. e4 d6 5. d4 O-O 6. Be2 e5 7. O-O Nc6 8. d5
Ne7 9. b4 Nh5 10. g3 f5 11. Ng5 Nf6 12. Bf3 c6 13. Bg2 h6 14. Ne6 Bxe6 15. dxe6
Nxe4 16. Nxe4 fxe4 17. b5 Rf6 18. Bxe4 Rxe6 19. bxc6 bxc6 20. Ba3 Qc7 21. Qa4
Rd8 22. Rfd1 Kh7 23. Rab1 Rf6 24. Rb2 Rd7 25. h4 h5 26. Rd3 Bh6 27. Rdb3 Rf7
28. Qa6 Bc1 29. Rc2 Bxa3 30. Qxa3 Nf5 31. Rcb2 d5 32. Bxf5 Rxf5 33. Qa6 Rff7
34. Rb8 e4 35. cxd5 e3 36. f4 cxd5 37. Rc8 Qd6 38. Rc6 Qe7 39. Rxg6 Qe4 40. Re6
Qd4 41. Rh6+ Kg8 42. Qg6+ Qg7 43. Rb8+ Rf8 44. Qe6+ Qf7 45. Rxf8+ 1-0

[Event "Open International de Cappelle-la-Grand"]
[Site "Cappelle-la-Grande"]
[Date "2014.03.03"]
[Round "3.12"]
[White "Sergeev, Vladimir"]
[Black "Negi, Parimarjan"]
[Result "1/2-1/2"]
[WhiteElo "2439"]
[BlackElo "2638"]
[PlyCount "133"]
[EventDate "2014.??.??"]
[TimeControl "6000+1160"]
[WhiteClock "0:01:47"]
[BlackClock "0:06:52"]

1. d4 Nf6 2. Nf3 g6 3. Bg5 Bg7 4. Nbd2 O-O 5. c3 d5 6. e3 Nbd7 7. Be2 Re8 8.
O-O e5 9. h3 c6 10. b4 a5 11. Nb3 axb4 12. cxb4 Qb6 13. Bxf6 Bxf6 14. Qd2 Bg7
15. Rfc1 exd4 16. Nfxd4 Ra3 17. Rab1 Bf8 18. Na1 Ra4 19. b5 c5 20. Qc2 Ra3 21.
Ndb3 c4 22. Nd4 Nc5 23. Qb2 Qa5 24. Nac2 Nd3 25. Bxd3 Rxa2 26. Nb3 Qa8 27. Qf6
Bg7 28. Qf3 cxb3 29. Rxb3 Be6 30. Rbb1 Qa4 31. Nb4 Rd2 32. Rd1 Rxd1+ 33. Qxd1
Qa5 34. Be2 Rd8 35. Nc2 Bf5 36. Bd3 Be4 37. f3 Qb6 38. Kh1 h5 39. Qe2 Bxd3 40.
Qxd3 Rc8 41. Nb4 Rc3 42. Qd1 Qxb5 43. Nxd5 Rd3 44. Rxb5 Rxd1+ 45. Kh2 h4 46. f4
Kf8 47. g4 Rd2+ 48. Kg1 Rb2 49. Rc5 Ke8 50. Rc7 Rd2 51. Re7+ Kf8 52. Rd7 Bb2
53. Rxb7 Rxd5 54. Rxb2 Rd1+ 55. Kf2 Rh1 56. Kg2 Re1 57. Rb3 Re2+ 58. Kf1 Rh2
59. e4 f6 60. f5 gxf5 61. gxf5 Ke7 62. Rd3 Ra2 63. Kg1 Rb2 64. Kf1 Rh2 65. Ra3
Kd6 66. Kg1 Re2 67. Ra6+ 1/2-1/2

[Event "Open International de Cappelle-la-Grand"]
[Site "Cappelle-la-Grande"]
[Date "2014.03.03"]
[Round "4.1"]
[White "Fier, Alexandr"]
[Black "Gupta, Abhijeet"]
[Result "1/2-1/2"]
[WhiteElo "2595"]
[BlackElo "2630"]
[PlyCount "68"]
[EventDate "2014.??.??"]
[TimeControl "6000+800"]
[WhiteClock "0:56:38"]
[BlackClock "0:31:46"]

1. e4 e5 2. Nf3 Nc6 3. d4 exd4 4. Nxd4 Nf6 5. Nxc6 bxc6 6. e5 Qe7 7. Qe2 Nd5 8.
Nd2 Nf4 9. Qe3 Nd5 10. Qe4 f6 11. exf6 Nxf6 12. Qxe7+ Bxe7 13. Bd3 O-O 14. O-O
d5 15. Nb3 Bd6 16. h3 Nd7 17. Bd2 Ne5 18. Be3 a5 19. Nc5 Re8 20. Na4 Nxd3 21.
cxd3 Ba6 22. Rfd1 c5 23. Bxc5 Bb5 24. Nc3 Bxc5 25. Nxb5 Rab8 26. Nxc7 Re2 27.
d4 Rbxb2 28. dxc5 Rxf2 29. Rxd5 Rxg2+ 30. Kh1 Rh2+ 31. Kg1 Rbg2+ 32. Kf1 Rf2+
33. Kg1 Rfg2+ 34. Kf1 Rf2+ 1/2-1/2

[Event "Open International de Cappelle-la-Grand"]
[Site "Cappelle-la-Grande"]
[Date "2014.03.03"]
[Round "4.2"]
[White "Jovanic, Ognjen"]
[Black "Ganguly, Surya Shekhar"]
[Result "0-1"]
[WhiteElo "2526"]
[BlackElo "2623"]
[PlyCount "60"]
[EventDate "2014.??.??"]
[TimeControl "6000+1215"]
[WhiteClock "0:20:24"]
[BlackClock "0:29:58"]

1. d4 Nf6 2. c4 g6 3. Nc3 d5 4. e3 Bg7 5. cxd5 Nxd5 6. Nxd5 Qxd5 7. Ne2 O-O 8.
Nc3 Qd8 9. Be2 c5 10. d5 e6 11. e4 exd5 12. exd5 Qb6 13. Qb3 Na6 14. Qc4 Bf5
15. O-O Rfe8 16. a4 Nb4 17. a5 Qd8 18. g4 Bxc3 19. gxf5 Bd4 20. fxg6 hxg6 21.
Ra3 Re4 22. Kg2 Qe7 23. Bf3 Rh4 24. Qe2 Qd7 25. Rh1 Re8 26. Be3 Nc2 27. Rd3
Qh3+ 28. Kg1 Ree4 29. Bxe4 Rg4+ 30. Qxg4 Qxg4+ 0-1

[Event "Open International de Cappelle-la-Grand"]
[Site "Cappelle-la-Grande"]
[Date "2014.03.03"]
[Round "4.3"]
[White "Martynov, Pavel"]
[Black "Vovk, Andrey"]
[Result "1/2-1/2"]
[WhiteElo "2352"]
[BlackElo "2605"]
[PlyCount "147"]
[EventDate "2014.??.??"]
[TimeControl "6000+890"]
[WhiteClock "0:32:14"]
[BlackClock "0:18:20"]

1. Nf3 f5 2. g3 Nf6 3. Bg2 d6 4. O-O e5 5. d3 Be7 6. e4 Nc6 7. Nc3 O-O 8. h3 f4
9. gxf4 exf4 10. d4 Qe8 11. e5 dxe5 12. dxe5 Nh5 13. Nd5 Bd8 14. Re1 Be6 15. c4
Kh8 16. b3 Qg6 17. Kh1 Qh6 18. Bb2 Rc8 19. Qd2 Rf7 20. Rad1 Be7 21. a3 Bf8 22.
b4 a6 23. Bc3 Rd8 24. Qe2 g5 25. Kg1 Ng7 26. Nf6 Ra8 27. b5 axb5 28. cxb5 Ne7
29. Qe4 Ngf5 30. a4 Qg6 31. a5 c6 32. a6 bxa6 33. bxc6 h5 34. Rd6 g4 35. Rxe6
gxf3 36. Qxf3 Nh4 37. Qxh5+ Qxh5 38. Nxh5 Rf5 39. Nf6 f3 40. Bf1 Rc8 41. Bb4
Nhg6 42. Bxa6 Rxc6 43. Rxc6 Nxc6 44. Bxf8 Ncxe5 45. Bd6 Rxf6 46. Bxe5 Nxe5 47.
Rxe5 Rxa6 48. Rf5 Kg7 49. Rxf3 Ra4 50. Kg2 Kg6 51. Kg3 Kg5 52. Rb3 Kf5 53. Rb5+
Kf6 54. f3 Kg6 55. h4 Rc4 56. Rg5+ Kh6 57. Ra5 Rb4 58. f4 Kg6 59. Kg4 Rb6 60.
Re5 Ra6 61. h5+ Kh6 62. Re4 Rb6 63. Re8 Ra6 64. Kf5 Ra4 65. Ke5 Kxh5 66. f5 Kg5
67. Rg8+ Kh6 68. Rg6+ Kh7 69. Rb6 Kg7 70. Rb7+ Kf8 71. Kf6 Ra6+ 72. Kg5 Rc6 73.
Rh7 Ra6 74. Rc7 1/2-1/2

[Event "Open International de Cappelle-la-Grand"]
[Site "Cappelle-la-Grande"]
[Date "2014.03.03"]
[Round "4.4"]
[White "Maiorov, Nikita"]
[Black "Ding, Liren"]
[Result "0-1"]
[WhiteElo "2520"]
[BlackElo "2717"]
[PlyCount "176"]
[EventDate "2014.??.??"]
[TimeControl "6000+810"]
[WhiteClock "0:00:39"]
[BlackClock "0:21:46"]

1. d4 Nf6 2. c4 e6 3. Nc3 Bb4 4. Qc2 b6 5. a3 Bxc3+ 6. Qxc3 Bb7 7. Nf3 O-O 8.
Bg5 h6 9. Bh4 g5 10. Bg3 Ne4 11. Qc2 f5 12. e3 d6 13. Nd2 Qf6 14. f3 Nxg3 15.
hxg3 c5 16. dxc5 dxc5 17. O-O-O Nc6 18. Be2 Kg7 19. Nb1 Rad8 20. Rxd8 Rxd8 21.
Rd1 Qe5 22. Rxd8 Nxd8 23. Qd2 Nf7 24. f4 Qd6 25. Bf1 Qxd2+ 26. Nxd2 Kf6 27. Kd1
e5 28. Ke1 Nd8 29. Kf2 Ne6 30. fxe5+ Kxe5 31. Be2 Be4 32. Nf1 g4 33. Nd2 Bc2
34. Ke1 Ng5 35. Bf1 Nf7 36. Be2 Nd6 37. Bf1 Kf6 38. Be2 Ke6 39. Kf2 Kd7 40. Ke1
h5 41. Kf2 Kc6 42. Ke1 Kb7 43. Bf1 Ka6 44. Be2 Ka5 45. Bd1 Bd3 46. Bb3 Ka6 47.
Kf2 Kb7 48. Ke1 Kc7 49. Kf2 Kd8 50. Ke1 Ke7 51. Kf2 Kf6 52. Ke1 Ke5 53. Kf2 Kf6
54. Ke1 Kg5 55. Kf2 h4 56. gxh4+ Kxh4 57. Ba2 Bc2 58. b4 Ne4+ 59. Nxe4 Bxe4 60.
g3+ Kh3 61. Bb3 Bd3 62. bxc5 bxc5 63. Ba4 Bxc4 64. Bd7 Bd3 65. Bc8 a5 66. Bb7
Bc2 67. Bg2+ Kh2 68. Bd5 a4 69. Be6 Kh3 70. Bc4 Bb3 71. Bd3 c4 72. Bxf5 c3 73.
Ke2 Kxg3 74. Bc8 Kh4 75. Bb7 Kg5 76. Kd3 c2 77. Kd2 g3 78. Bf3 Kf5 79. Bg2 Ke5
80. Bf1 Bc4 81. Bh3 Bd3 82. Bg2 Be4 83. Bf1 Kf5 84. Bh3+ Kg5 85. Kc1 Kh4 86.
Bf1 Kg4 87. Kd2 Kf3 88. Bh3 g2 0-1

[Event "Open International de Cappelle-la-Grand"]
[Site "Cappelle-la-Grande"]
[Date "2014.03.03"]
[Round "4.5"]
[White "Timoshenko, Georgy"]
[Black "Iturrizaga, Eduardo"]
[Result "1/2-1/2"]
[WhiteElo "2531"]
[BlackElo "2645"]
[PlyCount "67"]
[EventDate "2014.??.??"]
[TimeControl "6000+1405"]
[WhiteClock "0:14:34"]
[BlackClock "0:01:19"]

1. d4 Nf6 2. c4 e6 3. Nf3 b6 4. g3 Bb7 5. Bg2 c5 6. d5 exd5 7. Nh4 g6 8. Nc3
Bg7 9. O-O O-O 10. Bg5 Na6 11. Qd2 Nc7 12. cxd5 d6 13. a4 Qd7 14. e4 b5 15. Bh6
b4 16. Nd1 Rfe8 17. Bxg7 Kxg7 18. Re1 Re5 19. f4 Re7 20. Nf2 Rae8 21. b3 Kg8
22. Bf3 a5 23. Ng2 Qd8 24. g4 Nd7 25. g5 h5 26. gxh6 Kh7 27. Ng4 f6 28. h4 Rg8
29. Kh2 Rf7 30. Rad1 f5 31. Nf2 Nf6 32. Nh3 Kxh6 33. Ng5 Re7 34. exf5 1/2-1/2

[Event "Open International de Cappelle-la-Grand"]
[Site "Cappelle-la-Grande"]
[Date "2014.03.03"]
[Round "4.6"]
[White "Sumets, Andrey"]
[Black "Kveinys, Aloyzas"]
[Result "1/2-1/2"]
[WhiteElo "2628"]
[BlackElo "2530"]
[PlyCount "39"]
[EventDate "2014.??.??"]
[TimeControl "6000+935"]
[WhiteClock "0:56:47"]
[BlackClock "1:16:25"]

1. d4 Nf6 2. c4 e6 3. Nf3 d5 4. Nc3 c5 5. cxd5 Nxd5 6. e4 Nxc3 7. bxc3 cxd4 8.
cxd4 Bb4+ 9. Bd2 Bxd2+ 10. Qxd2 O-O 11. Rc1 b6 12. Bd3 Bb7 13. O-O Nc6 14. Qe3
Rc8 15. Rfd1 Qe7 16. Bb1 Rfd8 17. a3 Na5 18. Ba2 Rxc1 19. Rxc1 Rc8 20. Rxc8+
1/2-1/2

[Event "Open International de Cappelle-la-Grand"]
[Site "Cappelle-la-Grande"]
[Date "2014.03.03"]
[Round "4.7"]
[White "Danin, Alexandre"]
[Black "Ulibin, Mikhail"]
[Result "0-1"]
[WhiteElo "2606"]
[BlackElo "2491"]
[PlyCount "104"]
[EventDate "2014.??.??"]
[TimeControl "6000+1955"]
[WhiteClock "0:43:58"]
[BlackClock "0:03:10"]

1. e4 e6 2. Nc3 d5 3. d4 Nf6 4. e5 Nfd7 5. f4 c5 6. Nf3 Nc6 7. Be3 Be7 8. Qd2
O-O 9. dxc5 Bxc5 10. O-O-O Qa5 11. a3 Rd8 12. Nd4 Bxd4 13. Bxd4 Rb8 14. Nb5
Qxd2+ 15. Rxd2 a6 16. Nc3 Nxd4 17. Rxd4 b5 18. Be2 Kf8 19. Rhd1 Ke7 20. Rb4 g5
21. g3 gxf4 22. gxf4 Rg8 23. Bf3 Nb6 24. a4 Bd7 25. axb5 axb5 26. b3 Rg6 27. f5
Rg5 28. f6+ Kd8 29. Nxb5 Bxb5 30. Rxb5 Rxe5 31. c4 Rf5 32. cxd5 Rxf3 33. dxe6+
Kc7 34. e7 Rxf6 35. Rc5+ Kb7 36. Re5 Re8 37. Rd8 Rc6+ 38. Kd2 Rc8 39. Rd4 Rc7
40. Rde4 Rd7+ 41. Kc2 Kc6 42. Rh5 Rexe7 43. Rxe7 Rxe7 44. Rxh7 Nd5 45. h4 Kc5
46. h5 Kd4 47. Kd2 Ra7 48. Rh8 Ra2+ 49. Ke1 Ke3 50. Kd1 Kd3 51. Kc1 Rc2+ 52.
Kb1 Nc3+ 0-1

[Event "Open International de Cappelle-la-Grand"]
[Site "Cappelle-la-Grande"]
[Date "2014.03.03"]
[Round "4.8"]
[White "Gurevich, Mikhail"]
[Black "Hasangatin, Ramil"]
[Result "1-0"]
[WhiteElo "2574"]
[BlackElo "2494"]
[PlyCount "91"]
[EventDate "2014.??.??"]
[TimeControl "6000+1030"]
[WhiteClock "0:33:34"]
[BlackClock "0:17:30"]

1. c4 e5 2. g3 Nf6 3. Bg2 h6 4. d4 Bb4+ 5. Bd2 Bxd2+ 6. Qxd2 d6 7. Nc3 O-O 8.
e3 exd4 9. exd4 Nc6 10. Nge2 Bf5 11. O-O Re8 12. Rfe1 Qd7 13. Nf4 Rxe1+ 14.
Rxe1 Re8 15. Rxe8+ Qxe8 16. Nfd5 Nxd5 17. Nxd5 Qd7 18. Qf4 Bd3 19. Ne3 Nd8 20.
d5 a5 21. Qd4 Bb1 22. a3 b6 23. b3 Nb7 24. b4 Bg6 25. h4 h5 26. Qd1 b5 27. Qd4
axb4 28. axb4 bxc4 29. Qxc4 Qa4 30. Kh2 Bb1 31. Bh3 Qa2 32. Qxc7 Qxf2+ 33. Ng2
Qa7 34. Bc8 Be4 35. Qxb7 Qa2 36. Bh3 g6 37. Qb8+ Kg7 38. Qxd6 Bxd5 39. Qe5+ Kh7
40. Qd4 Kg8 41. Qe5 Kh7 42. Qe1 Qb2 43. Kg1 Qd4+ 44. Ne3 Bc6 45. Bg2 Bb5 46.
Kh2 1-0

[Event "Open International de Cappelle-la-Grand"]
[Site "Cappelle-la-Grande"]
[Date "2014.03.03"]
[Round "4.9"]
[White "Rombaldoni, Axel"]
[Black "Kovacevic, Aleksandar"]
[Result "0-1"]
[WhiteElo "2518"]
[BlackElo "2572"]
[PlyCount "60"]
[EventDate "2014.??.??"]
[TimeControl "6000+1875"]
[WhiteClock "0:13:00"]
[BlackClock "0:13:56"]

1. e4 e6 2. d4 d5 3. e5 c5 4. c3 Nc6 5. Nf3 Bd7 6. Be2 Nge7 7. O-O Ng6 8. g3
Be7 9. h4 cxd4 10. cxd4 O-O 11. h5 Nh8 12. Nc3 f6 13. exf6 Bxf6 14. Bf4 Nf7 15.
Qd2 Be8 16. Qe3 Qe7 17. Bd3 h6 18. Rae1 Ng5 19. Bxg5 Bxg5 20. Nxg5 Qxg5 21.
Qxg5 hxg5 22. Rxe6 Nxd4 23. Re7 Bxh5 24. Rxb7 Nf3+ 25. Kg2 Nd2 26. Re1 d4 27.
g4 Bxg4 28. Kg3 Bc8 29. Rc7 Rf3+ 30. Kh2 Rxd3 0-1

[Event "Open International de Cappelle-la-Grand"]
[Site "Cappelle-la-Grande"]
[Date "2014.03.03"]
[Round "4.10"]
[White "Piorun, Kacper"]
[Black "Bailet, Pierre"]
[Result "1-0"]
[WhiteElo "2570"]
[BlackElo "2477"]
[PlyCount "71"]
[EventDate "2014.??.??"]
[TimeControl "6000+815"]
[WhiteClock "0:07:01"]
[BlackClock "0:03:13"]

1. c4 Nf6 2. Nf3 c6 3. g3 g6 4. Bg2 Bg7 5. b3 O-O 6. Bb2 d6 7. O-O Na6 8. d3 e5
9. Nbd2 h6 10. a3 Be6 11. b4 Nd7 12. d4 f5 13. e4 fxe4 14. Nxe4 Bxc4 15. Nxd6
Bxf1 16. Qxf1 e4 17. Nh4 Nb6 18. Nxe4 Na4 19. Rb1 Nxb2 20. Rxb2 Kh7 21. Rd2 Qe8
22. d5 cxd5 23. Nd6 Qe7 24. Rxd5 Rf6 25. Ne4 Re6 26. Qd3 Rc8 27. Bf3 Rc7 28.
Bh5 Rcc6 29. b5 Rxe4 30. bxc6 gxh5 31. cxb7 Kg8 32. Rd8+ Kh7 33. b8=Q Nxb8 34.
Rxb8 a5 35. Kg2 Qe5 36. Rd8 1-0

[Event "Open International de Cappelle-la-Grand"]
[Site "Cappelle-la-Grande"]
[Date "2014.03.03"]
[Round "4.11"]
[White "Papin, Vasily"]
[Black "Burmakin, Vladimir"]
[Result "1/2-1/2"]
[WhiteElo "2515"]
[BlackElo "2568"]
[PlyCount "41"]
[EventDate "2014.??.??"]
[TimeControl "6000+675"]
[WhiteClock "1:14:14"]
[BlackClock "0:51:14"]

1. c4 c6 2. Nf3 d5 3. e3 Nf6 4. Qc2 g6 5. b3 Bg7 6. Bb2 O-O 7. Be2 Bf5 8. d3
Bg4 9. Nbd2 Nbd7 10. h3 Bxf3 11. Nxf3 Ne8 12. d4 Nc7 13. O-O Re8 14. Rad1 Rc8
15. Rfe1 Ne6 16. Qb1 Nef8 17. Bf1 Qc7 18. Rc1 Qb8 19. Red1 Red8 20. Qa1 e6 21.
Qb1 1/2-1/2

[Event "Open International de Cappelle-la-Grand"]
[Site "Cappelle-la-Grande"]
[Date "2014.03.03"]
[Round "4.12"]
[White "Chernyshov, Konstantin"]
[Black "Petkov, Vladimir"]
[Result "1/2-1/2"]
[WhiteElo "2504"]
[BlackElo "2566"]
[PlyCount "61"]
[EventDate "2014.??.??"]
[TimeControl "6000+775"]
[WhiteClock "0:01:42"]
[BlackClock "0:03:00"]

1. d4 Nf6 2. Bg5 Ne4 3. Bf4 e5 4. Bxe5 Nc6 5. Nd2 d5 6. c3 Nxe5 7. dxe5 Nc5 8.
Ngf3 c6 9. e3 g5 10. c4 g4 11. Nd4 Bg7 12. cxd5 Qxd5 13. Nc4 O-O 14. Rc1 h5 15.
f4 gxf3 16. Qxf3 Bg4 17. Qxd5 cxd5 18. Nd6 b6 19. b4 Nd7 20. h3 Be6 21. Be2
Nxe5 22. O-O h4 23. N6f5 Bf6 24. Rc7 Kh8 25. b5 Bg5 26. Kf2 Rfe8 27. Rd1 Bd8
28. Rc2 Bg5 29. Rc7 Bd8 30. Rc2 Bg5 31. Rc7 1/2-1/2